AoeStats
← drug god

Arabia

510526918Analyzed
1v1 RM · 2d ago on Oct 1, 2026· 29m 43s· 2 players
Game mode
Random Map
Map size
Tiny (2 player)
Population
200
Speed
Normal
Resources
Standard
Victory
Conquest
Starting age
Dark Age
Ending age
Imperial Age
RankedLock teamsTeams togetherTeam positionsShared explorationLock speedFull tech treeHidden civsTurbo modeCheats
Victory
Defeat
🇨🇳 Ethiopians · China
1065
+16
🇿🇦 Ethiopians · South Africa
1068
-16
drug god
4:35 Loom
9:35 Feudal Age
12:53 Fletching
17:15 Padded Archer Armor
24:10 Castle Age
22:07 Double-Bit Axe
22:35 Gold Mining
22:49 Horse Collar
24:23 Crossbowman
25:02 Bodkin Arrow
25:11 Stone Mining
26:30 Ballistics
27:19 Leather Archer Armor
dewald.schoeman2000
6:53 Loom
9:37 Feudal Age
10:14 Double-Bit Axe
14:08 Horse Collar
14:25 Fletching
15:17 Gold Mining
18:42 Padded Archer Armor
24:51 Castle Age
24:57 Crossbowman
25:45 Thumb Ring
25:37 Bodkin Arrow
25:59 Leather Archer Armor
25:10 Crossbowman
26:41 Heavy Plow
26:53 Bow Saw
Connection lost

Rejoining the realm…

Still unreachable

The connection could not be restored.

Session expired

The server has moved on; the page needs a fresh start.